 Dungeon Crawl Stone Soup version 0.17-a0-1139-g49cbdf8 (webtiles) character file.

341 Kisielow the Poker (level 6, -2/49 HPs)
             Began as a Merfolk Skald on May 26, 2015.
             Was an Initiate of Yredelemnul.
             Slain by a centaur (8 damage)
             ... on level 5 of the Dungeon.
             The game lasted 00:10:45 (4939 turns).

Kisielow the Poker (Merfolk Skald)                  Turns: 4939, Time: 00:10:45

Health: -2/49      AC:  4    Str: 17    XL:     6   Next: 56%
Magic:  9/9        EV: 13    Int: 12    God:    Yredelemnul [......]
Gold:   263        SH:  3    Dex: 15    Spells: 3 memorised, 3 levels left

rFire  . . .     SeeInvis +     x - +0 trident
rCold  . . .     Clarity  .     b - +0 leather armour
rNeg   . . .     SustAt   .     n - +0 buckler
rPois  .         Gourm    .     (no helmet)
rElec  .         Spirit   .     (no cloak)
rCorr  .         Warding  .     p - +0 pair of gloves
rMut   .         Stasis   .     (no boots)
MR     .....                    (no amulet)
Stlth  +.........               (no ring)
                                i - ring of see invisible

@: mighty, not resistant to hostile enchantments, very unstealthy
A: change form in water, swift swim
a: Renounce Religion


You were on level 5 of the Dungeon.
You worshipped Yredelemnul.
Yredelemnul was noncommittal.
You were not hungry.

You visited 1 branch of the dungeon, and saw 5 of its levels.

You collected 263 gold pieces.

Inventory:

Hand weapons
 x - a +0 trident (weapon)
Armour
 b - a +0 leather armour (worn)
 n - a +0 buckler (worn)
 p - a +0 pair of gloves (worn)
Jewellery
 i - a ring of see invisible (left hand)
Magical devices
 g - a wand of frost (29)
Scrolls
 e - 2 scrolls of fog {unknown}
 k - 10 scrolls of identify {unknown}
 m - a scroll of enchant weapon {unknown}
 r - 2 scrolls of amnesia {unknown}
 s - 2 scrolls of teleportation {unknown}
 t - a scroll of blinking {unknown}
 u - a scroll of remove curse {unknown}
 w - 2 scrolls of recharging {unknown}
Potions
 l - a potion of lignification
Books
 c - a book of Battle

   Spells                             Type                      Level
   a - Infusion                       Charms                       1
   b - Shroud of Golubria             Charms/Translocation         2
   c - Song of Slaying                Charms                       2
   d - Spectral Weapon                Hexes/Charms                 3
   e - Regeneration                   Charms/Necromancy            3
 o - a book of Summonings

   Spells                             Type                      Level
   a - Recall                         Summoning/Translocation      3
   b - Aura of Abjuration             Summoning                    5
   c - Shadow Creatures               Summoning                    5
   d - Summon Demon                   Summoning                    5
   e - Summon Forest                  Summoning/Translocation      5
   f - Summon Mana Viper              Hexes/Summoning              5
Comestibles
 a - a chunk of flesh
 d - 3 bread rations
 f - a royal jelly
 h - 5 meat rations
 j - a beef jerky
 v - a slice of pizza


   Skills:
 * Level 4.3 Fighting
 - Level 7.0 Polearms
 - Level 0.6 Armour
 + Level 4.2 Dodging
 - Level 2.0 Spellcasting
 - Level 3.2 Charms


You had 3 spell levels left.
You knew the following spells:

 Your Spells              Type           Power        Failure   Level  Hunger
e - Shroud of Golubria    Chrm/Tloc      #.........   45%         2    ###....
q - Infusion              Chrm           #.....       17%         1    ##.....
w - Regeneration          Chrm/Necr      #.........   85%         3    ####...


Dungeon Overview and Level Annotations

Branches:
Dungeon (5/15)
 Temple: D:4-7

Altars:
Ashenzari
Elyvilon
Yredelemnul
Zin

Annotations:
D:3 Kisielow's ghost, average MfSk


Message History

The centaur shoots an arrow.
The arrow hits you.
* * * LOW HITPOINT WARNING * * *
You see here an arrow.
You are too injured to fight recklessly!
You are too injured to fight recklessly!
You are too injured to fight recklessly!
You are too injured to fight recklessly!
Drink which item? (? for menu, Esc to quit)
You feel very mighty all of a sudden.
The centaur unwields an uncursed shortbow.
The centaur hits you!
* * * LOW HITPOINT WARNING * * *
You are too injured to fight recklessly!
You are too injured to fight recklessly!
You are too injured to fight recklessly!
You puncture the centaur!
The centaur is severely wounded.
The centaur hits you!
You die...
Your body rises from the dead as a mindless zombie.

####### ..... .# .....
##.# #.# .... #.. ...#
..... #.# ....#
#.#..###.# #....#
#.##.....##...... #.#
##..#[c..#
###.###...|@...#
##...##..#$(....#
#.......#((...!.#
#...#....##(.......#
#.###....##.##$......
#.. #........##........
# #...#....#.##.....###
#.........รท.#........(.
#...####...#...##...##.


You could see a centaur.

Vanquished Creatures
  A scorpion (D:4)
  A crimson imp (D:5)
  Jessica (D:3)
  A hound (D:4)
  2 iguanas (D:4)
  5 adders
  An ooze (D:4)
  An adder skeleton (D:4)
  4 giant geckos
  2 ball pythons (D:3)
  12 bats
  5 giant cockroaches
  7 goblins
  15 hobgoblins
  2 quokkas
  A giant gecko skeleton (D:4)
  6 giant newts
  12 kobolds
  34 rats
113 creatures vanquished.

Notes
Turn   | Place    | Note
--------------------------------------------------------------
     0 | D:1      | Kisielow the Merfolk Skald began the quest for the Orb.
     0 | D:1      | Reached XP level 1. HP: 16/16 MP: 3/3
   397 | D:1      | Reached skill level 4 in Polearms
   397 | D:1      | Reached XP level 2. HP: 22/22 MP: 5/5
   882 | D:1      | Reached skill level 5 in Polearms
   882 | D:1      | Reached XP level 3. HP: 27/27 MP: 6/6
   899 | D:1      | Learned a level 3 spell: Regeneration
   902 | D:1      | Learned a level 2 spell: Shroud of Golubria
  1482 | D:2      | Found a white marble altar of Elyvilon.
  1789 | D:2      | Reached skill level 6 in Polearms
  1795 | D:2      | Reached XP level 4. HP: 33/33 MP: 0/7
  2806 | D:3      | Reached skill level 7 in Polearms
  3012 | D:3      | Reached XP level 5. HP: 37/39 MP: 8/8
  3088 | D:3      | Noticed Jessica
  3103 | D:3      | Killed Jessica
  3184 | D:3      | Noticed Kisielow's ghost (average MfSk)
  3430 | D:4      | Found a glowing silver altar of Zin.
  3717 | D:4      | Found a basalt altar of Yredelemnul.
  3717 | D:4      | Found a shattered altar of Ashenzari.
  3721 | D:4      | Became a worshipper of Yredelemnul the Dark
  4246 | D:4      | Reached XP level 6. HP: 41/48 MP: 4/9
  4832 | D:5      | Entered Level 5 of the Dungeon
  4939 | D:5      | Slain by a centaur

Vault maps used:
D:1:      elethiomel_arrival_diamonds
D:2:      overflow_temple_1_default, minmay_rat_hole
D:3:      columned_hall_lemuel, minmay_misc_feat_iff, uniq_crazy_yiuf_cottage,
          uniq_jessica
D:4:      gammafunk_temple_overflow_wave, lemuel_crystal_altar, first_bread
D:5:      kennysheep_generic_room_13, uniq_sigmund, uniq_edmund

Action                   |  1- 3 |  4- 6 || total
-------------------------+-------+-------++-------
Melee: Spear             |   130 |   210 ||   340
       Trident           |       |    75 ||    75
 Cast: Infusion          |     9 |     7 ||    16
       Shroud of Golubri |       |     1 ||     1
  Use: Potion            |       |     6 ||     6
 Stab: Sleeping          |     1 |     2 ||     3
  Eat: Chunk             |     3 |    11 ||    14
